Griffins vs Falcons

Created - Friday, October 17, 2014 at 20:47

Goals
1 2 3 T
Griffins 0 1 1 2
Falcons 2 0 2 4
Shots
1 2 3 T
Griffins 4 10 18 32
Falcons 6 4 10 20

1st period

1. Falcons , Chris Thorburn 2 (Kevin Connauton, Jeff Taffe) at 2:14 (PP)
2. Falcons , Mattias Tedenby 1 (Matt Ellis) at 15:36

Penalties :
Mitchell Heard (GRG) for Roughing (Minor) at 2:08, Brian Dumoulin (SPR) for Hooking (Minor) at 5:37, Ben Eager (GRG) for Hooking (Minor) at 17:55, Chris Thorburn (SPR) for Tripping (Minor) at 19:46

2nd period

3. Griffins , Mark Mancari 2 (Paul Postma) at 1:10 (PP)

Penalties :
Radek Martinek (SPR) for Roughing (Minor) at 9:52, Mitch Callahan (SPR) for Cross-checking (Minor) at 16:35, Kris Fredheim (SPR) for Unsportsmanlike conduct (Major / Game Misconduct) at 19:13

3rd period

4. Griffins , Alexander Sulzer 3 (Zenon Konopka, Douglas Murray) at 0:28 (PP)
5. Falcons , Quinton Howden 6 (Austin Watson, Adam Pardy) at 11:15
6. Falcons , Jeff Hoggan 1 (Cal O'Reilly, Kevin Connauton) at 15:53

Penalties :
Chris Thorburn (SPR) for Holding (Minor) at 8:33

Goalie Stats

Joe Cannata (GRG), 16 saves from 20 shots - (0.800), L, 1-4-1, 60:00 minutes
Matt Climie (SPR), 30 saves from 32 shots - (0.938), W, 1-0-0, 60:00 minutes

Players Stats for Griffins

Player Name              G  A  P  +/- PIM S  H  SB GA TA FO     MP     PP MP  PK MP  
------------------------------------------------------------------------------------
Adam Clendening          0  0  0  -1  0   2  3  1  1  1  0/0    20:15   5:42   0:03 
Alexander Sulzer         1  0  1  -1  0   4  1  0  2  1  0/0    24:53   8:29   1:54 
Ben Eager                0  0  0  -1  2   0  7  0  2  0  0/0    17:28   7:10   0:00 
Brad Hunt                0  0  0  -1  0   1  1  1  1  2  0/0    14:52   0:00   0:00 
David Musil              0  0  0  -1  0   2  0  0  0  2  0/0    14:52   0:00   0:00 
Douglas Murray           0  1  1  -1  0   1  4  2  4  0  0/0    24:53   8:29   1:54 
John Albert              0  0  0  -1  0   2  0  1  1  1  1/1    20:38   7:10   1:30 
John McFarland           0  0  0   0  0   2  1  0  2  0  0/0    15:18   0:27   0:00 
Jordan Owens             0  0  0   0  0   0  1  0  0  0  0/0     7:55   0:00   0:03 
Kellan Lain              0  0  0   0  0   1  0  1  0  0  3/9    14:44   0:00   0:00 
Mark Mancari             1  0  1  -2  0   4  2  1  4  1  0/2    18:36   7:01   0:24 
Matt Marquardt           0  0  0  -1  0   0  2  0  0  0  1/6    18:37   7:01   0:00 
Maxim Shalunov           0  0  0   0  0   0  0  0  0  0  0/0     0:00   0:00   0:00 
Mike Angelidis           0  0  0  -2  0   1  2  0  0  0  0/0    18:35   7:01   0:00 
Mitchell Heard           0  0  0   0  2   0  2  0  0  0  0/0    15:05   0:00   0:00 
Paul Postma              0  1  1  -1  0   7  0  3  3  0  0/0    20:15   5:42   0:03 
Paul Thompson            0  0  0   0  0   0  0  0  0  0  0/1     9:45   0:00   1:00 
Zenon Konopka            0  1  1  -2  0   5  2  0  1  2  11/23  21:12   6:43   0:57 

Players Stats for Falcons

Player Name              G  A  P  +/- PIM S  H  SB GA TA FO     MP     PP MP  PK MP  
------------------------------------------------------------------------------------
Adam Pardy               0  1  1   2  0   1  3  1  0  2  0/0    26:06   1:04   6:10 
Austin Watson            0  1  1   1  0   1  0  0  3  2  3/5    19:25   0:58   3:35 
Brian Connelly           0  0  0   0  0   1  1  2  0  1  0/0    21:03   0:53   8:01 
Brian Dumoulin           0  0  0   0  2   1  2  1  0  1  0/0    21:55   0:53   6:54 
Cal O'Reilly             0  1  1   1  0   1  0  4  0  2  4/6    13:46   0:00   0:00 
Chris Thorburn           1  0  1   0  4   2  2  0  3  1  0/0    16:24   0:58   3:00 
Drew Shore               0  0  0   0  0   0  0  1  1  1  15/22  22:10   0:59   9:17 
Jeff Hoggan              1  0  1   1  0   2  2  0  0  0  1/3    14:31   0:00   1:42 
Jeff Taffe               0  1  1   0  0   1  2  1  2  2  0/0    20:51   0:59  10:25 
Jordan Weal              0  0  0   1  0   1  0  0  0  0  2/4     7:45   0:00   0:00 
Kevin Connauton          0  2  2   0  0   4  2  2  1  1  0/0    23:17   1:04   6:10 
Kris Fredheim            0  0  0   1  15  0  0  0  0  0  0/0    10:22   0:00   1:07 
Matt Ellis               0  1  1   2  0   1  1  0  0  1  0/0    12:50   0:00   0:00 
Mattias Tedenby          1  0  1   1  0   1  0  0  3  0  0/0     6:54   0:00   0:00 
Mitch Callahan           0  0  0   1  2   1  1  0  0  0  1/1    16:10   0:58   0:00 
Philip Varone            0  0  0   0  0   0  0  0  0  0  0/0     0:23   0:00   0:23 
Quinton Howden           1  0  1   1  0   2  2  0  1  0  0/1    15:09   0:58   0:00 
Radek Martinek           0  0  0   3  2   0  1  0  1  0  0/0    16:34   0:00   0:00 

3 Stars

1 - Quinton Howden (SPR)
2 - Jeff Hoggan (SPR)
3 - Adam Pardy (SPR)

Power Play

Griffins - 2 on 6 Attempt(s) - 33.33%
Falcons - 1 on 2 Attempt(s) - 50.00%

Penalty Kill

Griffins - 1 on 2 Attempt(s) - 50.00% - Score 0 goal in Penalty Kill
Falcons - 4 on 6 Attempt(s) - 66.67% - Score 0 goal in Penalty Kill

Official

Referees : Unknown
Linesman : Unknown

Game Notes

Kris Fredheim ejected from game at 19:13 of 2nd period

Finance

Level 1 -- Attendance: 1411 (70.55%) -- Ticket Income $49,385
Level 2 -- Attendance: 732 (73.20%) -- Ticket Income $10,980
Total Attendance: 2143 (71.43%)
Total Ticket Income: $60,365
Other Income: $29,579
Total Income: $89,944

Griffins

5 vs 5 Forward 
   Center                   Left Wing                Right Wing               Time % Phy DF OF 
 1 Zenon Konopka            John Albert              Ben Eager                35     1   2  2  
 2 Matt Marquardt           Mike Angelidis           Mark Mancari             30     1   2  2  
 3 Kellan Lain              Mitchell Heard           John McFarland           22     1   2  2  
 4 Zenon Konopka            Jordan Owens             Paul Thompson            13     1   2  2  

5 vs 5 Defense 
   Defense                  Defense                                           Time % Phy DF OF 
 1 Douglas Murray           Alexander Sulzer                                  35     1   2  2  
 2 Adam Clendening          Paul Postma                                       30     1   2  2  
 3 Brad Hunt                David Musil                                       22     1   2  2  
 4 Douglas Murray           Alexander Sulzer                                  13     1   2  2  

PowerPlay Forward 
   Center                   Left Wing                Right Wing               Time % Phy DF OF 
 1 Zenon Konopka            John Albert              Ben Eager                60     1   2  2  
 2 Matt Marquardt           Mike Angelidis           Mark Mancari             40     1   2  2  

PowerPlay Defense
   Defense                  Defense                                           Time % Phy DF OF 
 1 Douglas Murray           Alexander Sulzer                                  60     1   2  2  
 2 Adam Clendening          Paul Postma                                       40     1   2  2  

Penalty Kill 4 Players Forward 
   Center                   Wing                     Time % Phy DF OF 
 1 Zenon Konopka            John Albert              60     1   2  2  
 2 Ben Eager                Mark Mancari             40     1   2  2  

Penalty Kill 4 Players Defense
   Defense                  Defense                  Time % Phy DF OF 
 1 Douglas Murray           Alexander Sulzer         60     1   2  2  
 2 Adam Clendening          Paul Postma              40     1   2  2  

Penalty Kill - 3 Players Forward 
   Forward                                           Time % Phy DF OF 
 1 Zenon Konopka                                     60     1   2  2  
 2 John Albert                                       40     1   2  2  

Penalty Kill - 3 Players Defense
   Defense                  Defense                  Time % Phy DF OF 
 1 Douglas Murray           Alexander Sulzer         60     1   2  2  
 2 Adam Clendening          Paul Postma              40     1   2  2  

4 vs 4 Forward 
   Center                   Wing                     Time % Phy DF OF 
 1 Zenon Konopka            John Albert              60     1   2  2  
 2 Ben Eager                Mark Mancari             40     1   2  2  

4 vs 4 Defense
   Defense                  Defense                  Time % Phy DF OF 
 1 Douglas Murray           Alexander Sulzer         60     1   2  2  
 2 Adam Clendening          Paul Postma              40     1   2  2  

Last Minutes Offensive
   Center                   Left Wing                Right Wing               Defense                  Defense                  
   Zenon Konopka            John Albert              Ben Eager                Douglas Murray           Alexander Sulzer         

Last Minutes Defensive
   Center                   Left Wing                Right Wing               Defense                  Defense                  
   Zenon Konopka            John Albert              Ben Eager                Douglas Murray           Alexander Sulzer         

Goaltenders
Starting : Joe Cannata              
Backup : Farm Player81            

Extra Forwards
Normal : John McFarland, Kellan Lain, Paul Thompson - PP : John McFarland, Kellan Lain - PK : Paul Thompson
Extra Defensemen
Normal : Brad Hunt, David Musil, Adam Clendening - PP : Brad Hunt - PK : David Musil, Adam Clendening
Penalty Shots
Zenon Konopka, John Albert, Ben Eager, Mark Mancari, John McFarland

Falcons

5 vs 5 Forward 
   Center                   Left Wing                Right Wing               Time % Phy DF OF 
 1 Drew Shore               Jeff Taffe               Chris Thorburn           35     1   2  2  
 2 Austin Watson            Quinton Howden           Mitch Callahan           30     1   2  2  
 3 Cal O'Reilly             Jeff Hoggan              Matt Ellis               22     1   2  2  
 4 Jordan Weal              Mattias Tedenby          Drew Shore               13     1   2  2  

5 vs 5 Defense 
   Defense                  Defense                                           Time % Phy DF OF 
 1 Adam Pardy               Kevin Connauton                                   35     1   2  2  
 2 Brian Dumoulin           Brian Connelly                                    30     1   2  2  
 3 Radek Martinek           Kris Fredheim                                     22     1   2  2  
 4 Adam Pardy               Kevin Connauton                                   13     1   2  2  

PowerPlay Forward 
   Center                   Left Wing                Right Wing               Time % Phy DF OF 
 1 Drew Shore               Jeff Taffe               Chris Thorburn           60     1   2  2  
 2 Austin Watson            Quinton Howden           Mitch Callahan           40     1   2  2  

PowerPlay Defense
   Defense                  Defense                                           Time % Phy DF OF 
 1 Adam Pardy               Kevin Connauton                                   60     1   2  2  
 2 Brian Dumoulin           Brian Connelly                                    40     1   2  2  

Penalty Kill 4 Players Forward 
   Center                   Wing                     Time % Phy DF OF 
 1 Drew Shore               Jeff Taffe               60     1   2  2  
 2 Chris Thorburn           Austin Watson            40     1   2  2  

Penalty Kill 4 Players Defense
   Defense                  Defense                  Time % Phy DF OF 
 1 Adam Pardy               Kevin Connauton          60     1   2  2  
 2 Brian Dumoulin           Brian Connelly           40     1   2  2  

Penalty Kill - 3 Players Forward 
   Forward                                           Time % Phy DF OF 
 1 Drew Shore                                        60     1   2  2  
 2 Jeff Taffe                                        40     1   2  2  

Penalty Kill - 3 Players Defense
   Defense                  Defense                  Time % Phy DF OF 
 1 Adam Pardy               Kevin Connauton          60     1   2  2  
 2 Brian Dumoulin           Brian Connelly           40     1   2  2  

4 vs 4 Forward 
   Center                   Wing                     Time % Phy DF OF 
 1 Drew Shore               Jeff Taffe               60     1   2  2  
 2 Chris Thorburn           Austin Watson            40     1   2  2  

4 vs 4 Defense
   Defense                  Defense                  Time % Phy DF OF 
 1 Adam Pardy               Kevin Connauton          60     1   2  2  
 2 Brian Dumoulin           Brian Connelly           40     1   2  2  

Last Minutes Offensive
   Center                   Left Wing                Right Wing               Defense                  Defense                  
   Drew Shore               Jeff Taffe               Chris Thorburn           Adam Pardy               Kevin Connauton          

Last Minutes Defensive
   Center                   Left Wing                Right Wing               Defense                  Defense                  
   Drew Shore               Jeff Taffe               Chris Thorburn           Adam Pardy               Kevin Connauton          

Goaltenders
Starting : Matt Climie              
Backup : Troy Grosenick           

Extra Forwards
Normal : Cal O'Reilly, Jordan Weal, Jeff Hoggan - PP : Cal O'Reilly, Jordan Weal - PK : Jeff Hoggan
Extra Defensemen
Normal : Radek Martinek, Kris Fredheim, Brian Dumoulin - PP : Radek Martinek - PK : Kris Fredheim, Brian Dumoulin
Penalty Shots
Drew Shore, Jeff Taffe, Chris Thorburn, Austin Watson, Cal O'Reilly

% Time on Ice - Griffins

Lines # - Real PCT - Wanted PCT - Time Play
Normal Forward
1 - 23% - 35% - 9:57
2 - 26% - 30% - 11:11
3 - 34% - 22% - 14:44
4 - 18% - 13% - 7:52
Normal Defense
1 - 31% - 35% - 13:28
2 - 33% - 30% - 14:22
3 - 34% - 22% - 14:52
4 - 2% - 13% - 1:02
PP Forward
1 - 51% - 60% - 7:10
2 - 49% - 40% - 7:01
PP Defense
1 - 60% - 60% - 8:29
2 - 40% - 40% - 5:42
PK Forward
1 - 79% - 60% - 1:33
2 - 21% - 40% - 0:24
PK Defense
1 - 97% - 60% - 1:54
2 - 3% - 40% - 0:03
PK3 Forward
1 - 0% - 60%
2 - 0% - 40%
PK3 Defense
1 - 0% - 60%
2 - 0% - 40%
44 Forward
1 - 100% - 60% - 0:08
2 - 0% - 40% - 0:00
44 Defense
1 - 0% - 60% - 0:00
2 - 100% - 40% - 0:08
Last Minute Offensive  - 0:00
Last Minute Defensive  - 0:00
Total
Forward - 60:00
Defense - 60:00

% Time on Ice - Falcons

Lines # - Real PCT - Wanted PCT - Time Play
Normal Forward
1 - 21% - 35% - 9:19
2 - 34% - 30% - 14:52
3 - 29% - 22% - 12:39
4 - 16% - 13% - 6:54
Normal Defense
1 - 30% - 35% - 12:56
2 - 28% - 30% - 12:09
3 - 38% - 22% - 16:27
4 - 5% - 13% - 2:12
PP Forward
1 - 50% - 60% - 0:59
2 - 50% - 40% - 0:58
PP Defense
1 - 55% - 60% - 1:04
2 - 45% - 40% - 0:53
PK Forward
1 - 75% - 60% - 10:36
2 - 25% - 40% - 3:35
PK Defense
1 - 43% - 60% - 6:10
2 - 57% - 40% - 8:01
PK3 Forward
1 - 0% - 60%
2 - 0% - 40%
PK3 Defense
1 - 0% - 60%
2 - 0% - 40%
44 Forward
1 - 100% - 60% - 0:08
2 - 0% - 40% - 0:00
44 Defense
1 - 100% - 60% - 0:08
2 - 0% - 40% - 0:00
Last Minute Offensive  - 0:00
Last Minute Defensive  - 0:00
Total
Forward - 60:00
Defense - 60:00

Play by Play

1st period


0:01 of 1st period - Drew Shore wins face-off versus Zenon Konopka in neutral zone.
0:51 of 1st period - Quinton Howden is hit by Matt Marquardt and loses puck.
1:00 of 1st period - Snap shot by Mark Mancari.
1:00 of 1st period - Shot Misses the Net.
1:17 of 1st period - Matt Marquardt is hit by Kevin Connauton and loses puck.
2:08 of 1st period - Minor Penalty to Mitchell Heard for Roughing.
2:09 of 1st period - Drew Shore wins face-off versus Zenon Konopka in Griffins zone.
2:12 of 1st period - Snap shot by Jeff Taffe.
2:12 of 1st period - Stopped by Joe Cannata with a rebound.
2:14 of 1st period - Snap shot by Kevin Connauton.
2:14 of 1st period - Deflect By Chris Thorburn.
2:14 of 1st period - Goal by Chris Thorburn - Griffins : 0 - Falcons : 1.
2:15 of 1st period - Jordan Weal wins face-off versus Zenon Konopka in neutral zone.
2:18 of 1st period - Wrist shot by Mattias Tedenby.
2:18 of 1st period - Shot Blocked by Adam Clendening.
2:20 of 1st period - Wrist shot by Jordan Weal.
2:20 of 1st period - Stopped by Joe Cannata with a rebound.
2:25 of 1st period - Icing by Adam Clendening.
2:26 of 1st period - Jordan Weal wins face-off versus Zenon Konopka in Griffins zone.
3:34 of 1st period - Douglas Murray is hit by Quinton Howden and loses puck.
4:11 of 1st period - Wrist shot by Matt Ellis.
4:11 of 1st period - Shot Blocked by Douglas Murray.
4:17 of 1st period - Cal O'Reilly is hit by Alexander Sulzer and loses puck.
4:22 of 1st period - Slapshot by Kellan Lain.
4:22 of 1st period - Shot Misses the Net.
4:24 of 1st period - Snap shot by Mitchell Heard.
4:24 of 1st period - Shot Misses the Net.
4:26 of 1st period - Backhand shot by David Musil.
4:26 of 1st period - Stopped by Matt Climie with a rebound.
4:28 of 1st period - Slapshot by Brad Hunt.
4:28 of 1st period - Stopped by Matt Climie with a rebound.
4:30 of 1st period - Slapshot by Brad Hunt.
4:30 of 1st period - Deflect By Mitchell Heard.
4:30 of 1st period - Shot Misses the Net.
4:30 of 1st period - Puck is out of play.
4:31 of 1st period - Drew Shore wins face-off versus Zenon Konopka in Falcons zone.
5:15 of 1st period - Austin Watson is hit by Ben Eager and loses puck.
5:37 of 1st period - Minor Penalty to Brian Dumoulin for Hooking.
5:38 of 1st period - Drew Shore wins face-off versus Matt Marquardt in Falcons zone.
5:38 of 1st period - Drew Shore is hit by Matt Marquardt.
6:44 of 1st period - Slapshot by Chris Thorburn.
6:44 of 1st period - Shot Blocked by Douglas Murray.
7:23 of 1st period - Brian Connelly is hit by Mike Angelidis and loses puck.
7:37 of 1st period - Penalty to Brian Dumoulin is over, Brian Dumoulin is back on ice.
7:55 of 1st period - Slapshot by Brad Hunt.
7:55 of 1st period - Shot Blocked by Cal O'Reilly.
8:13 of 1st period - Snap shot by Kellan Lain.
8:13 of 1st period - Stopped by Matt Climie with a rebound.
8:17 of 1st period - Slapshot by Brad Hunt.
8:17 of 1st period - Shot Misses the Net.
8:35 of 1st period - Slapshot by Brad Hunt.
8:35 of 1st period - Shot Misses the Net.
8:37 of 1st period - Snap shot by Alexander Sulzer.
8:37 of 1st period - Shot Misses the Net.
10:52 of 1st period - Wrist shot by Mattias Tedenby.
10:52 of 1st period - Shot Blocked by Brad Hunt.
11:22 of 1st period - Jordan Owens is hit by Adam Pardy and loses puck.
11:47 of 1st period - Paul Postma is hit by Mitch Callahan and loses puck.
12:35 of 1st period - Paul Postma is hit by Brian Dumoulin and loses puck.
13:00 of 1st period - Adam Pardy is hit by Jordan Owens and loses puck.
13:05 of 1st period - Slapshot by John Albert.
13:05 of 1st period - Stopped by Matt Climie with a rebound.
14:03 of 1st period - Jordan Weal is hit by Ben Eager and loses puck.
15:36 of 1st period - Slapshot by Mattias Tedenby.
15:36 of 1st period - Goal by Mattias Tedenby - Griffins : 0 - Falcons : 2.
15:37 of 1st period - Kellan Lain wins face-off versus Jordan Weal in neutral zone.
16:23 of 1st period - Wrist shot by Zenon Konopka.
16:23 of 1st period - Shot Blocked by Cal O'Reilly.
17:26 of 1st period - John McFarland is hit by Chris Thorburn and loses puck.
17:47 of 1st period - Wrist shot by Austin Watson.
17:47 of 1st period - Shot Blocked by Paul Postma.
17:49 of 1st period - Slapshot by Brian Connelly.
17:49 of 1st period - Deflect By Mitch Callahan.
17:49 of 1st period - Shot Misses the Net.
17:49 of 1st period - Puck is out of play.
17:50 of 1st period - Austin Watson wins face-off versus Paul Thompson in Griffins zone.
17:55 of 1st period - Minor Penalty to Ben Eager for Hooking.
17:56 of 1st period - Drew Shore wins face-off versus Zenon Konopka in Griffins zone.
17:57 of 1st period - Backhand shot by Chris Thorburn.
17:57 of 1st period - Shot Blocked by John Albert.
17:59 of 1st period - Slapshot by Chris Thorburn.
17:59 of 1st period - Stopped by Joe Cannata without a rebound.
18:00 of 1st period - John Albert wins face-off versus Drew Shore in Griffins zone.
18:00 of 1st period - John Albert is hit by Jeff Taffe.
19:26 of 1st period - Snap shot by Austin Watson.
19:26 of 1st period - Shot Misses the Net.
19:28 of 1st period - Wrist shot by Brian Connelly.
19:28 of 1st period - Stopped by Joe Cannata with a rebound.
19:46 of 1st period - Minor Penalty to Chris Thorburn for Tripping.
19:47 of 1st period - Drew Shore wins face-off versus Zenon Konopka in Falcons zone.
19:55 of 1st period - Penalty to Ben Eager is over, Ben Eager is back on ice.
Goals for this period are 0 for Griffins vs 2 for Falcons.
Shots for this period are 4 for Griffins vs 6 for Falcons.

2nd period


0:01 of 2nd period - Zenon Konopka wins face-off versus Drew Shore in neutral zone.
1:08 of 2nd period - Slapshot by Paul Postma.
1:08 of 2nd period - Stopped by Matt Climie with a rebound.
1:10 of 2nd period - Snap shot by Mark Mancari.
1:10 of 2nd period - Goal by Mark Mancari - Griffins : 1 - Falcons : 2.
1:11 of 2nd period - Mitch Callahan wins face-off versus Kellan Lain in neutral zone.
1:42 of 2nd period - Snap shot by Austin Watson.
1:42 of 2nd period - Shot Misses the Net.
2:15 of 2nd period - Brian Connelly is hit by Ben Eager.
4:07 of 2nd period - Kevin Connauton is hit by Zenon Konopka.
4:53 of 2nd period - Quinton Howden is hit by John McFarland and loses puck.
5:06 of 2nd period - Slapshot by Radek Martinek.
5:06 of 2nd period - Shot Blocked by Paul Postma.
5:30 of 2nd period - Wrist shot by Kevin Connauton.
5:30 of 2nd period - Stopped by Joe Cannata with a rebound.
5:32 of 2nd period - Snap shot by Cal O'Reilly.
5:32 of 2nd period - Shot Misses the Net.
5:34 of 2nd period - Slapshot by Adam Pardy.
5:34 of 2nd period - Deflect By Jeff Hoggan.
5:34 of 2nd period - Shot Misses the Net.
5:34 of 2nd period - Puck is out of play.
5:35 of 2nd period - Cal O'Reilly wins face-off versus Matt Marquardt in Griffins zone.
6:23 of 2nd period - Brad Hunt is hit by Chris Thorburn and loses puck.
6:30 of 2nd period - Slapshot by David Musil.
6:30 of 2nd period - Shot Blocked by Jeff Taffe.
6:55 of 2nd period - Mitch Callahan is hit by Adam Clendening and loses puck.
7:41 of 2nd period - Jordan Weal is hit by Douglas Murray and loses puck.
8:28 of 2nd period - Kellan Lain is hit by Jeff Taffe and loses puck.
8:35 of 2nd period - Backhand shot by Chris Thorburn.
8:35 of 2nd period - Shot Misses the Net.
9:03 of 2nd period - Snap shot by Cal O'Reilly.
9:03 of 2nd period - Stopped by Joe Cannata with a rebound.
9:30 of 2nd period - Snap shot by Zenon Konopka.
9:30 of 2nd period - Stopped by Matt Climie with a rebound.
9:44 of 2nd period - Snap shot by Zenon Konopka.
9:44 of 2nd period - Shot Misses the Net.
9:46 of 2nd period - Wrist shot by Zenon Konopka.
9:46 of 2nd period - Shot Misses the Net.
9:48 of 2nd period - Wrist shot by Zenon Konopka.
9:48 of 2nd period - Stopped by Matt Climie without a rebound.
9:49 of 2nd period - Drew Shore wins face-off versus Zenon Konopka in Falcons zone.
9:49 of 2nd period - Drew Shore is hit by Zenon Konopka.
9:52 of 2nd period - Minor Penalty to Radek Martinek for Roughing.
9:53 of 2nd period - Drew Shore wins face-off versus Matt Marquardt in Falcons zone.
10:03 of 2nd period - Slapshot by Douglas Murray.
10:03 of 2nd period - Stopped by Matt Climie with a rebound.
10:10 of 2nd period - Off-side.
10:11 of 2nd period - Drew Shore wins face-off versus Mark Mancari in neutral zone.
11:43 of 2nd period - Slapshot by Paul Postma.
11:43 of 2nd period - Deflect By Zenon Konopka.
11:43 of 2nd period - Shot Blocked by Brian Connelly.
11:43 of 2nd period - Puck is out of play.
11:44 of 2nd period - Jeff Hoggan wins face-off versus Zenon Konopka in Falcons zone.
11:52 of 2nd period - Penalty to Radek Martinek is over, Radek Martinek is back on ice.
11:59 of 2nd period - Snap shot by Alexander Sulzer.
11:59 of 2nd period - Stopped by Matt Climie without a rebound.
12:00 of 2nd period - Austin Watson wins face-off versus Kellan Lain in Falcons zone.
12:07 of 2nd period - Slapshot by Kevin Connauton.
12:07 of 2nd period - Stopped by Joe Cannata with a rebound.
13:12 of 2nd period - David Musil is hit by Jeff Hoggan and loses puck.
13:17 of 2nd period - Backhand shot by Cal O'Reilly.
13:17 of 2nd period - Shot Misses the Net.
13:43 of 2nd period - Wrist shot by Jordan Weal.
13:43 of 2nd period - Shot Misses the Net.
13:45 of 2nd period - Wrist shot by Mattias Tedenby.
13:45 of 2nd period - Shot Misses the Net.
14:52 of 2nd period - Douglas Murray is hit by Matt Ellis.
14:56 of 2nd period - Slapshot by Alexander Sulzer.
14:56 of 2nd period - Shot Blocked by Cal O'Reilly.
15:02 of 2nd period - Slapshot by Paul Postma.
15:02 of 2nd period - Deflect By Mark Mancari.
15:02 of 2nd period - Stopped by Matt Climie with a rebound.
15:50 of 2nd period - Radek Martinek is hit by Ben Eager and loses puck.
16:23 of 2nd period - Quinton Howden is hit by Adam Clendening and loses puck.
16:35 of 2nd period - Minor Penalty to Mitch Callahan for Cross-checking.
16:36 of 2nd period - Drew Shore wins face-off versus Zenon Konopka in Falcons zone.
16:46 of 2nd period - Snap shot by Alexander Sulzer.
16:46 of 2nd period - Stopped by Matt Climie without a rebound.
16:47 of 2nd period - Drew Shore wins face-off versus Zenon Konopka in Falcons zone.
17:39 of 2nd period - Brian Dumoulin is hit by Ben Eager and loses puck.
18:26 of 2nd period - Wrist shot by Austin Watson.
18:26 of 2nd period - Shot Misses the Net.
18:35 of 2nd period - Penalty to Mitch Callahan is over, Mitch Callahan is back on ice.
18:36 of 2nd period - Snap shot by Kevin Connauton.
18:36 of 2nd period - Stopped by Joe Cannata with a rebound.
19:03 of 2nd period - Slapshot by John McFarland.
19:03 of 2nd period - Stopped by Matt Climie with a rebound.
19:07 of 2nd period - Snap shot by John McFarland.
19:07 of 2nd period - Shot Misses the Net.
19:13 of 2nd period - Major / Game Misconduct Penalty to Kris Fredheim for Unsportsmanlike conduct.
19:13 of 2nd period - Kris Fredheim is ejected from game.
19:14 of 2nd period - Drew Shore wins face-off versus Matt Marquardt in Falcons zone.
19:27 of 2nd period - Kevin Connauton is hit by Mark Mancari and loses puck.
19:42 of 2nd period - Slapshot by Paul Postma.
19:42 of 2nd period - Stopped by Matt Climie with a rebound.
19:44 of 2nd period - Slapshot by Adam Clendening.
19:44 of 2nd period - Shot Misses the Net.
19:46 of 2nd period - Wrist shot by Zenon Konopka.
19:46 of 2nd period - Shot Misses the Net.
19:48 of 2nd period - Wrist shot by John Albert.
19:48 of 2nd period - Shot Misses the Net.
Goals for this period are 1 for Griffins vs 0 for Falcons.
Shots for this period are 10 for Griffins vs 4 for Falcons.

3rd period


0:01 of 3rd period - Zenon Konopka wins face-off versus Drew Shore in neutral zone.
0:08 of 3rd period - Snap shot by Zenon Konopka.
0:08 of 3rd period - Shot Blocked by Kevin Connauton.
0:16 of 3rd period - Snap shot by John Albert.
0:16 of 3rd period - Stopped by Matt Climie without a rebound.
0:17 of 3rd period - Zenon Konopka wins face-off versus Drew Shore in Falcons zone.
0:20 of 3rd period - Slapshot by Alexander Sulzer.
0:20 of 3rd period - Stopped by Matt Climie with a rebound.
0:22 of 3rd period - Slapshot by Alexander Sulzer.
0:22 of 3rd period - Shot Blocked by Drew Shore.
0:24 of 3rd period - Slapshot by Douglas Murray.
0:24 of 3rd period - Shot Blocked by Kevin Connauton.
0:26 of 3rd period - Snap shot by Zenon Konopka.
0:26 of 3rd period - Stopped by Matt Climie with a rebound.
0:28 of 3rd period - Slapshot by Alexander Sulzer.
0:28 of 3rd period - Goal by Alexander Sulzer - Griffins : 2 - Falcons : 2.
0:29 of 3rd period - Zenon Konopka wins face-off versus Drew Shore in neutral zone.
0:36 of 3rd period - Snap shot by Ben Eager.
0:36 of 3rd period - Deflect By Jeff Taffe.
0:36 of 3rd period - Shot Misses the Net.
0:36 of 3rd period - Puck is out of play.
0:37 of 3rd period - Zenon Konopka wins face-off versus Drew Shore in Falcons zone.
1:09 of 3rd period - Wrist shot by John Albert.
1:09 of 3rd period - Deflect By Ben Eager.
1:09 of 3rd period - Shot Blocked by Adam Pardy.
1:09 of 3rd period - Puck is out of play.
1:10 of 3rd period - Matt Marquardt wins face-off versus Drew Shore in Falcons zone.
1:17 of 3rd period - Slapshot by Paul Postma.
1:17 of 3rd period - Shot Misses the Net.
1:43 of 3rd period - Snap shot by Austin Watson.
1:43 of 3rd period - Shot Blocked by Paul Postma.
1:45 of 3rd period - Slapshot by Brian Dumoulin.
1:45 of 3rd period - Shot Blocked by Mark Mancari.
1:47 of 3rd period - Snap shot by Austin Watson.
1:47 of 3rd period - Shot Misses the Net.
2:39 of 3rd period - Alexander Sulzer is hit by Brian Connelly and loses puck.
3:07 of 3rd period - Austin Watson is hit by Adam Clendening and loses puck.
3:51 of 3rd period - Jeff Hoggan is hit by Mark Mancari and loses puck.
4:02 of 3rd period - Chris Thorburn is hit by Douglas Murray and loses puck.
4:13 of 3rd period - Penalty to Kris Fredheim is over, Jeff Hoggan is send on ice.
4:31 of 3rd period - Cal O'Reilly is hit by Mitchell Heard and loses puck.
5:44 of 3rd period - Paul Postma is hit by Adam Pardy and loses puck.
6:52 of 3rd period - Quinton Howden is hit by Douglas Murray and loses puck.
7:27 of 3rd period - Slapshot by Jordan Weal.
7:27 of 3rd period - Shot Hit the Post.
7:33 of 3rd period - Slapshot by Drew Shore.
7:33 of 3rd period - Shot Misses the Net.
8:05 of 3rd period - Snap shot by Alexander Sulzer.
8:05 of 3rd period - Deflect By John McFarland.
8:05 of 3rd period - Shot Blocked by Cal O'Reilly.
8:05 of 3rd period - Puck is out of play.
8:06 of 3rd period - Cal O'Reilly wins face-off versus Kellan Lain in Falcons zone.
8:06 of 3rd period - Cal O'Reilly is hit by Douglas Murray.
8:17 of 3rd period - Icing by Mitchell Heard.
8:18 of 3rd period - Zenon Konopka wins face-off versus Jordan Weal in Griffins zone.
8:23 of 3rd period - Brian Connelly is hit by Ben Eager and loses puck.
8:33 of 3rd period - Minor Penalty to Chris Thorburn for Holding.
8:34 of 3rd period - Drew Shore wins face-off versus Matt Marquardt in Falcons zone.
8:43 of 3rd period - Brian Dumoulin is hit by Mike Angelidis and loses puck.
8:50 of 3rd period - Slapshot by Paul Postma.
8:50 of 3rd period - Shot Misses the Net.
10:06 of 3rd period - Snap shot by Ben Eager.
10:06 of 3rd period - Deflect By John Albert.
10:06 of 3rd period - Shot Blocked by Brian Connelly.
10:06 of 3rd period - Puck is out of play.
10:07 of 3rd period - Zenon Konopka wins face-off versus Jeff Hoggan in Falcons zone.
10:20 of 3rd period - Slapshot by Paul Postma.
10:20 of 3rd period - Stopped by Matt Climie with a rebound.
10:22 of 3rd period - Wrist shot by Mike Angelidis.
10:22 of 3rd period - Stopped by Matt Climie with a rebound.
10:24 of 3rd period - Slapshot by Paul Postma.
10:24 of 3rd period - Shot Blocked by Brian Dumoulin.
10:26 of 3rd period - Snap shot by Paul Postma.
10:26 of 3rd period - Stopped by Matt Climie with a rebound.
10:28 of 3rd period - Snap shot by Mark Mancari.
10:28 of 3rd period - Stopped by Matt Climie with a rebound.
10:33 of 3rd period - Penalty to Chris Thorburn is over, Chris Thorburn is back on ice.
10:38 of 3rd period - Drew Shore is hit by Ben Eager and loses puck.
10:49 of 3rd period - Slapshot by Zenon Konopka.
10:49 of 3rd period - Stopped by Matt Climie with a rebound.
10:51 of 3rd period - Slapshot by David Musil.
10:51 of 3rd period - Stopped by Matt Climie without a rebound.
10:52 of 3rd period - Austin Watson wins face-off versus Zenon Konopka in Falcons zone.
11:03 of 3rd period - Wrist shot by Quinton Howden.
11:03 of 3rd period - Shot Misses the Net.
11:05 of 3rd period - Slapshot by Mitch Callahan.
11:05 of 3rd period - Stopped by Joe Cannata with a rebound.
11:07 of 3rd period - Snap shot by Austin Watson.
11:07 of 3rd period - Shot Misses the Net.
11:09 of 3rd period - Slapshot by Adam Pardy.
11:09 of 3rd period - Stopped by Joe Cannata with a rebound.
11:11 of 3rd period - Snap shot by Austin Watson.
11:11 of 3rd period - Shot Misses the Net.
11:13 of 3rd period - Wrist shot by Quinton Howden.
11:13 of 3rd period - Stopped by Joe Cannata with a rebound.
11:15 of 3rd period - Snap shot by Quinton Howden.
11:15 of 3rd period - Goal by Quinton Howden - Griffins : 2 - Falcons : 3.
11:16 of 3rd period - Cal O'Reilly wins face-off versus Kellan Lain in neutral zone.
11:47 of 3rd period - Icing by Douglas Murray.
11:48 of 3rd period - Kellan Lain wins face-off versus Quinton Howden in Griffins zone.
11:48 of 3rd period - Kellan Lain is hit by Kevin Connauton.
11:54 of 3rd period - Slapshot by Alexander Sulzer.
11:54 of 3rd period - Shot Misses the Net.
12:26 of 3rd period - Backhand shot by Austin Watson.
12:26 of 3rd period - Stopped by Joe Cannata with a rebound.
13:03 of 3rd period - Off-side.
13:04 of 3rd period - Zenon Konopka wins face-off versus Cal O'Reilly in neutral zone.
13:19 of 3rd period - Jeff Hoggan is hit by Brad Hunt and loses puck.
13:26 of 3rd period - Jordan Owens is hit by Radek Martinek and loses puck.
13:58 of 3rd period - Slapshot by Brian Dumoulin.
13:58 of 3rd period - Stopped by Joe Cannata without a rebound.
13:59 of 3rd period - Zenon Konopka wins face-off versus Austin Watson in Griffins zone.
14:14 of 3rd period - Snap shot by Kevin Connauton.
14:14 of 3rd period - Stopped by Joe Cannata with a rebound.
14:44 of 3rd period - Slapshot by Paul Postma.
14:44 of 3rd period - Stopped by Matt Climie with a rebound.
14:46 of 3rd period - Slapshot by Paul Postma.
14:46 of 3rd period - Deflect By Drew Shore.
14:46 of 3rd period - Stopped by Matt Climie with a rebound.
14:48 of 3rd period - Slapshot by Paul Postma.
14:48 of 3rd period - Shot Misses the Net.
14:53 of 3rd period - Icing by Brian Dumoulin.
14:54 of 3rd period - Drew Shore wins face-off versus Kellan Lain in Falcons zone.
15:51 of 3rd period - Wrist shot by Jeff Hoggan.
15:51 of 3rd period - Stopped by Joe Cannata with a rebound.
15:53 of 3rd period - Snap shot by Jeff Hoggan.
15:53 of 3rd period - Goal by Jeff Hoggan - Griffins : 2 - Falcons : 4.
15:54 of 3rd period - Zenon Konopka wins face-off versus Austin Watson in neutral zone.
16:57 of 3rd period - Matt Marquardt is hit by Brian Dumoulin and loses puck.
17:13 of 3rd period - Icing by Brad Hunt.
17:14 of 3rd period - Cal O'Reilly wins face-off versus Kellan Lain in Griffins zone.
17:18 of 3rd period - Icing by John McFarland.
17:19 of 3rd period - Kellan Lain wins face-off versus Jeff Hoggan in Griffins zone.
17:19 of 3rd period - Kellan Lain is hit by Jeff Hoggan.
17:27 of 3rd period - John McFarland is hit by Adam Pardy and loses puck.
17:34 of 3rd period - Slapshot by Cal O'Reilly.
17:34 of 3rd period - Shot Misses the Net.
17:36 of 3rd period - Snap shot by Radek Martinek.
17:36 of 3rd period - Shot Blocked by Kellan Lain.
17:52 of 3rd period - Slapshot by Matt Ellis.
17:52 of 3rd period - Stopped by Joe Cannata with a rebound.
18:33 of 3rd period - Adam Clendening is hit by Quinton Howden and loses puck.
18:52 of 3rd period - Slapshot by Mark Mancari.
18:52 of 3rd period - Stopped by Matt Climie without a rebound.
18:53 of 3rd period - Drew Shore wins face-off versus Mark Mancari in Falcons zone.
19:32 of 3rd period - Jeff Taffe is hit by Mitchell Heard and loses puck.
19:45 of 3rd period - Slapshot by John McFarland.
19:45 of 3rd period - Stopped by Matt Climie with a rebound.
19:47 of 3rd period - Wrist shot by Paul Postma.
19:47 of 3rd period - Stopped by Matt Climie with a rebound.
19:49 of 3rd period - Slapshot by Adam Clendening.
19:49 of 3rd period - Stopped by Matt Climie with a rebound.
19:51 of 3rd period - Snap shot by Adam Clendening.
19:51 of 3rd period - Stopped by Matt Climie without a rebound.
19:52 of 3rd period - Zenon Konopka wins face-off versus Cal O'Reilly in Falcons zone.
19:59 of 3rd period - Wrist shot by Ben Eager.
19:59 of 3rd period - Deflect By Zenon Konopka.
19:59 of 3rd period - Deflect By Brian Dumoulin.
19:59 of 3rd period - Stopped by Matt Climie with a rebound.
Goals for this period are 1 for Griffins vs 2 for Falcons.
Shots for this period are 18 for Griffins vs 10 for Falcons.


Output by the SimonT Hockey Simulator (STHS) for Eric Dolegowski -- Original Page W3C XHTML 1.0 Valid
Hockey Simulator - Hockey Simulation - Hockey Manager